 Dungeon Crawl Stone Soup version 0.29-a0-830-gcb1280458a (webtiles) character file.

Game seed: 15279378268418768981

62 Sabo the Shield-Bearer (level 4, -2/36 HPs)
             Began as a Formicid Fighter on July 12, 2022.
             Was a Follower of Okawaru.
             Slain by a gnoll
             ... wielding a +0 spear
              (5 damage)
             ... on level 2 of the Dungeon.
             The game lasted 00:05:36 (1191 turns).

Sabo the Shield-Bearer (Formicid Fighter)           Turns: 1191, Time: 00:05:36

Health: -2/36      AC:  7    Str: 22    XL:     4   Next: 28%
Magic:  4/4        EV:  9    Int:  8    God:    Okawaru [*.....]
Gold:   94         SH:  5    Dex: 13    Spells: 3/3 levels left

rFire   . . .      SeeInvis +   a - +0 war axe
rCold   . . .      Faith    .   c - +0 buckler
rNeg    . . .      Spirit   .   b - +0 scale mail
rPois   .          Reflect  .   (helmet unavailable)
rElec   .          Harm     .   (no cloak)
rCorr   .          Rampage  .   (no gloves)
Will    .....                   (no boots)
Stlth   ..........              (no amulet)
HPRegen 0.12/turn               (no ring)
MPRegen 0.09/turn               (no ring)

@: mighty
A: permanent stasis, dig shafts and tunnels, antennae 3, four strong arms
a: Dig, Shaft Self, Renounce Religion, Heroism


You were on level 2 of the Dungeon.
You worshipped Okawaru.
Okawaru was aware of your devotion.
You visited 1 branch of the dungeon, and saw 2 of its levels.

You collected 94 gold pieces.

Inventory:

Hand Weapons
 a - a +0 war axe (weapon)
 h - a +1 whip of electrocution
Missiles
 k - 6 boomerangs (quivered)
Armour
 b - a +0 scale mail (worn)
 c - a +0 buckler (worn)
Scrolls
 f - a scroll of identify {unknown}
 i - a scroll of fear {unknown}
Potions
 e - a potion of curing {unknown}
 j - a potion of heal wounds {unknown}
 l - a potion of invisibility {unknown}
 m - a potion of brilliance {unknown}


   Skills:
 + Level 3.6 Fighting
 + Level 2.8 Axes
 + Level 3.8 Armour
 + Level 4.9 Shields


You had 3 spell levels left.
You didn't know any spells.
Your spell library contained the following spells:

 Spells                   Type           Power      Damage    Failure   Level
 Freeze                   Ice            0%         1d3       80%         1
 Frozen Ramparts          Ice            0%         1d2       99%         3
 Hailstorm                Conj/Ice       0%         3d3       100%        4


Dungeon Overview and Level Annotations

Branches:
Dungeon (2/15)

Altars:
Okawaru


Innate Abilities, Weirdness & Mutations

You cannot be hasted, slowed, berserked, paralysed or teleported.
You can dig through walls and to a lower floor.
You have a pair of large antennae on your head. (SInv)
Your four strong arms can wield two-handed weapons with a shield.


Message History

You block the ball python's attack.
Found 13 gold pieces.
You hit the ball python.
You kill the ball python!
Okawaru accepts your kill. You block the gnoll's attack.
The gnoll hits you from afar with a +0 spear.
The gnoll completely misses you. x2; The gnoll hits you but does no damage.
You barely miss the gnoll. You hit the gnoll.
You hit the gnoll but do no damage.
The gnoll hits you but does no damage. x2
The gnoll hits you with a +0 spear. The gnoll barely misses you.
The gnoll closely misses you.
You feel very mighty all of a sudden. You block the gnoll's attack.
The gnoll completely misses you. The gnoll closely misses you.
You block the gnoll's attack.
You hit the gnoll.
The gnoll is heavily wounded.
You barely miss the gnoll. You completely miss the gnoll.
You block the gnoll's attack. The gnoll hits you with a +0 spear.
The gnoll barely misses you. The gnoll completely misses you.
You slash the gnoll!
You kill the gnoll!
Okawaru accepts your kill.
You barely miss the gnoll. x2; You block the gnoll's attack.
The gnoll hits you with a +0 spear. The gnoll hits you but does no damage.
You hit the rat.
You kill the rat!
Okawaru accepts your kill.
You closely miss the gnoll. x2
The gnoll hits you from afar with a +0 spear.
* * * LOW HITPOINT WARNING * * *
The gnoll hits you but does no damage. x3
The gnoll hits you from afar with a +0 spear.
* * * LOW HITPOINT WARNING * * *
The gnoll closely misses you.
You slice the gnoll!!
You kill the gnoll!
Okawaru accepts your kill.
You hit the gnoll. You block the gnoll's attack.
The gnoll hits you with a +0 spear.
You die...

#.# #..# ####.#
#.####..###....#..
#.#.............. $
#####.###...##...###.##.#
.......††................
.......<#........###.....
#####.###.........?(.....
#.# #.#####)#.#...### #.#
#.....g)@.......# #.#
#####..g#..##.#.# #..
.......#...... ###
##.........#.#
###...........
#.#.....#.### ........###
##.##.#...


You could see 2 gnolls.

Vanquished Creatures
  3 gnolls
  An adder (D:2)
  A dart slug (D:1)
  4 ball pythons
  5 endoplasms (D:1)
  A giant cockroach (D:1)
  2 goblins (D:1)
  2 hobgoblins (D:1)
  3 jackals (D:1)
  3 kobolds (D:1)
  A bat (D:1)
  2 frilled lizards
  2 rats
30 creatures vanquished.

Notes
Turn   | Place    | Note
-------+----------+-------------------------------------------
     0 | D:1      | Sabo the Formicid Fighter began the quest for the Orb.
     0 | D:1      | Reached XP level 1. HP: 18/18 MP: 1/1
    86 | D:1      | Reached XP level 2. HP: 15/24 MP: 2/2
   414 | D:1      | Found a faded altar of an unknown god.
   454 | D:1      | Prayed at the altar of an unknown god.
   454 | D:1      | Became a worshipper of Warmaster Okawaru
   454 | D:1      | Reached * piety under Okawaru
   478 | D:1      | Reached XP level 3. HP: 29/29 MP: 3/3
  1147 | D:2      | Reached XP level 4. HP: 33/35 MP: 4/4
  1191 | D:2      | Slain by a gnoll

Illustrated notes

Levels and vault maps discovered:
D:1:      lemuel_arrival_behind_the_door_large, layout_basic,
          basic_ecumenical_altar
D:2:      layout_basic, grunt_ministairs_10, grunt_decor_mini_mirrors,
          nicolae_underground_beach, uniq_robin

Action                   |  1- 3 |  4- 6 || total
-------------------------+-------+-------++-------
Melee: War axe           |    68 |    10 ||    78
Throw: Boomerang         |     1 |       ||     1
  Use: Scroll            |     1 |       ||     1
       Potion            |       |     1 ||     1
Armor: Scale mail        |    57 |    13 ||    70
Dodge: Dodged            |    43 |    12 ||    55
Block: Buckler           |    23 |    14 ||    37

Table legend: (Time is in decaauts)
 A = Elapsed time spent in this place.
 B = Non-inter-level travel time spent in this place.
 C = Inter-level travel time spent in this place.
 D = Time resting spent in this place.
 E = Time spent auto-exploring this place.
 F = Levels seen in this place.
 G = Mean time per level.
                   A        B        C        D        E       F      G
               +--------+--------+--------+--------+--------+-----+--------+
         Total |   1222 |   1222 |      0 |    400 |      0 |   2 |  611.0 |
       Dungeon |   1222 |   1222 |      0 |    400 |      0 |   2 |  611.0 |
               +--------+--------+--------+--------+--------+-----+--------+

Top non-repeatable levels by time:
     D:1: 1153 daAuts
     D:2: 69 daAuts
